AoeStats
← Groove7731

Arena

510140945Analyzed
1v1 RM · 3d ago on Sep 29, 2026· 40m 0s· 2 players
Game mode
Random Map
Map size
Tiny (2 player)
Population
200
Speed
Normal
Resources
Standard
Victory
Conquest
Starting age
Dark Age
Ending age
Imperial Age
RankedLock teamsTeams togetherTeam positionsShared explorationLock speedFull tech treeHidden civsTurbo modeCheats
Victory
Defeat
🇩🇪 Saxons · Germany
1341
+17
🇺🇸 Teutons · United States
1373
-17
LaZ4rus
8:21 Loom
10:09 Feudal Age
12:49 Fletching
15:25 Castle Age
18:24 Bodkin Arrow
23:19 Guard Tower
24:57 Masonry
27:02 Horse Collar
27:42 Double-Bit Axe
28:52 Wheelbarrow
28:59 Bow Saw
33:24 Imperial Age
31:54 Scale Mail Armor
33:49 Chain Mail Armor
34:37 Chain Mail Armor
35:51 Architecture
38:07 Chemistry
37:14 Bracer
39:37 Plate Mail Armor
39:17 Forging
39:12 Elite Varangian Guard
40:40 Squires
Groove7731
6:40 Loom
9:02 Feudal Age
10:04 Double-Bit Axe
14:16 Fletching
21:27 Castle Age
19:43 Stone Mining
22:56 Bodkin Arrow
26:53 Guard Tower
28:52 Scale Mail Armor
37:44 Wheelbarrow
41:14 Imperial Age
39:26 Horse Collar
Connection lost

Rejoining the realm…

Still unreachable

The connection could not be restored.

Session expired

The server has moved on; the page needs a fresh start.